 Dungeon Crawl Stone Soup version 0.17.1-2-g5865329 (webtiles) character file.

42 ololoev the Covered (level 3, -1/29 HPs)
             Began as a Demonspawn Fighter on Jan 19, 2016.
             Slain by a gnoll (2 damage)
             ... on level 2 of the Dungeon.
             The game lasted 00:01:32 (131 turns).

ololoev the Covered (Demonspawn Fighter)             Turns: 131, Time: 00:01:33

Health: -1/29      AC:  7    Str: 22    XL:     3   Next: 35%
Magic:  3/3        EV:  7    Int:  9    God:
Gold:   0          SH:  9    Dex: 12    Spells: 0 memorised, 2 levels left

rFire  + . .     SeeInvis .     a - +0 war axe
rCold  . . .     Clarity  .     b - +0 scale mail
rNeg   . . .     SustAt   .     c - +0 shield
rPois  .         Gourm    .     (no helmet)
rElec  .         Spirit   .     (no cloak)
rCorr  .         Warding  .     (no gloves)
rMut   .         Stasis   .     (no boots)
MR     .....                    (no amulet)
Stlth  ..........               (no ring)
                                (no ring)

@: mighty, not resistant to hostile enchantments, extremely unstealthy
A: molten scales 1, fire resistance 1
a: no special abilities


Innate Abilities, Weirdness & Mutations

You are partially covered in molten scales (AC +1).
Your flesh is heat resistant.

Inventory:

Hand Weapons
 a - a +0 war axe (weapon)
Armour
 b - a +0 scale mail (worn)
 c - a +0 shield (worn)
Jewellery
 d - a +2 ring of protection {unknown}
Potions
 f - a potion of invisibility {unknown}
 g - a potion of haste {unknown}
 h - 2 potions of brilliance {unknown}
Comestibles
 e - a bread ration


   Skills:
 - Level 3.0 Fighting
 * Level 3.0 Axes
 + Level 3.1 Armour
 - Level 2.6 Shields


You had 2 spell levels left.
You didn't know any spells.


You were on level 2 of the Dungeon.
You were not hungry.

You visited 1 branch of the dungeon, and saw 2 of its levels.

#######<.. ..
###..#######........#
#.##.....#..............
...........)............
#.......................
........................
.......................#
.....<)Kg...........####
.......@g...............
#................##.....
.................#####..
##...............# ..
##...#..........# .
#..............#
##.............#
................
........!.....###

Notes
Turn   | Place    | Note
--------------------------------------------------------------
     0 | D:1      | ololoev the Demonspawn Fighter began the quest for the Orb.
     0 | D:1      | Reached XP level 1. HP: 18/18 MP: 1/1
    54 | D:1      | Gained mutation: You are partially covered in molten scales (AC +1). [demonic ancestry]
    54 | D:1      | Reached XP level 2. HP: 10/24 MP: 2/2
   127 | D:2      | Gained mutation: Your flesh is heat resistant. [demonic ancestry]
   127 | D:2      | Reached XP level 3. HP: 15/29 MP: 3/3
   131 | D:2      | HP: 1/29 [gnoll (6)]
   131 | D:2      | Slain by a gnoll

Dungeon Overview and Level Annotations

Branches:
Dungeon (2/15)

Altars:


Message History

The kobold hits you but does no damage.
You completely miss the gnoll. You closely miss the kobold.
The gnoll hits you but does no damage. You block the kobold's attack.
You block the gnoll's attack.
You slash the gnoll!
You kill the gnoll!
You have reached level 3!
Your experience leads to an increase in your attributes!
Your base attributes are Str 16, Int 9, Dex 12.
Increase (S)trength, (I)ntelligence, or (D)exterity?
You feel stronger.
Your demonic ancestry asserts itself...
You feel resistant to heat.
You closely miss the kobold. The kobold hits you.
The gnoll hits you from afar with a spear.
The kobold hits you but does no damage. The gnoll closely misses you.
The gnoll barely misses you. The kobold hits you but does no damage.
You see here a gnoll corpse.
You barely miss the gnoll. You hit the kobold.
The kobold is heavily wounded.
You completely miss the gnoll. The gnoll hits you but does no damage.
You block the kobold's attack. The gnoll closely misses you.
The gnoll hits you with a club.
Unknown command.
You slash the gnoll!
The gnoll is almost dead.
You barely miss the gnoll. You closely miss the gnoll.
You closely miss the kobold.
The kobold is heavily wounded.
The kobold closely misses you. The gnoll closely misses you.
The gnoll closely misses you. You block the gnoll's attack.
You hit the gnoll.
You kill the gnoll!
Your Axes skill increases to level 3!
Your shield prevents you from hitting the kobold.
The kobold is heavily wounded.
You completely miss the gnoll. You barely miss the gnoll.
The kobold barely misses you. The gnoll hits you.
The gnoll hits you but does no damage. The kobold barely misses you.
The gnoll hits you.
You die...

You could see 2 gnolls and a kobold.

Vanquished Creatures
  2 gnolls (D:2)
  An adder (D:2)
  2 giant geckos (D:1)
  2 giant cockroaches (D:1)
  5 hobgoblins (D:1)
  A bat (D:1)
  A giant newt (D:2)
14 creatures vanquished.

Action                   || total
-------------------------++-------
Melee: War axe           ||    45
  Use: Potion            ||     1

Vault maps used:
D:1:      evilmike_arrival_hilbert_curve
D:2:      nicolae_overflow_hidden_temple, minmay_joined_circles
